 Dungeon Crawl Stone Soup version 0.21.1-1-g345015fe64 (webtiles) character file.

2119 Knicklaso the Grave Robber (level 9, 0/69 HPs)
             Began as a Demonspawn Necromancer on Apr 16, 2018.
             Slain by a two-headed ogre
             ... wielding a +0 giant club
              (6 damage)
             ... on level 6 of the Dungeon.
             The game lasted 00:38:59 (9166 turns).

Knicklaso the Grave Robber (Demonspawn Necromancer) Turns: 9166, Time: 00:39:00

Health: 0/69       AC:  9    Str:  9    XL:     9   Next: 8%
Magic:  1/17       EV: 12    Int: 21    God:
Gold:   206        SH:  0    Dex: 17    Spells: 5/18 levels left

rFire    + + .     SeeInvis .   w - +8 dagger of Imoikh {pierce, +Blink Dex+3}
rCold    . . .     Gourm    .   (no shield)
rNeg     . . .     Faith    .   u - +2 leather armour {rF+}
rPois    .         Spirit   .   (no helmet)
rElec    .         Reflect  .   (no cloak)
rCorr    .         Harm     .   h - +0 pair of gloves
MR       +....                  (no boots)
Stlth    +++.......             (no amulet)
HPRegen  0.21/turn              m - ring of stealth
MPRegen  0.15/turn              o - ring "Xep Zyiw" {Fire +Blink MR+ Int+2 Stlth-}

@: no status effects
A: talons 1, thin metallic scales 2, cold resistance 1, nightstalker 1
a: Evoke Blink


You were on level 6 of the Dungeon.
You were not hungry.

You visited 1 branch of the dungeon, and saw 6 of its levels.
You also visited: Sewer and Ossuary.

You collected 206 gold pieces.

Inventory:

Hand Weapons
 w - the +8 dagger of Imoikh (weapon) {pierce, +Blink Dex+3}
   (You found it on level 5 of the Dungeon)

   It inflicts extra damage upon your enemies.
   It affects your dexterity (+3).
   It lets you blink.
 y - a +2 whip of draining
Armour
 a - a +0 robe
 h - a +0 pair of gloves (worn)
 u - a +2 leather armour of fire resistance (worn)
 G - a +1 helmet
Jewellery
 m - a ring of stealth (left hand)
 o - the ring "Xep Zyiw" (right hand) {Fire +Blink MR+ Int+2 Stlth-}
   (You found it on level 4 of the Dungeon)

   [ring of fire]

   It enhances your fire magic.
   It affects your intelligence (+2).
   It protects you from fire.
   It makes you vulnerable to cold.
   It affects your resistance to hostile enchantments.
   It lets you blink.
   It makes you less stealthy.
 F - a +4 ring of evasion {unknown}
Wands
 q - a wand of flame (20)
Scrolls
 d - 2 scrolls of fog
 f - 2 scrolls of enchant weapon
 g - 5 scrolls of teleportation
 j - 4 scrolls of identify
 k - 9 scrolls of remove curse
 x - 2 scrolls of blinking {unknown}
 A - 2 scrolls of magic mapping
 B - a scroll of vulnerability {unknown}
 C - 2 scrolls of immolation {unknown}
Potions
 e - a potion of experience {unknown}
 i - 4 potions of lignification {unknown}
 l - a potion of mutation {unknown}
 n - a potion of might {unknown}
 p - 2 potions of berserk rage
 r - 3 potions of curing {unknown}
 s - a potion of resistance {unknown}
 t - a potion of agility {unknown}
 v - 2 potions of ambrosia {unknown}
 z - 2 potions of haste {unknown}
 E - a potion of flight {unknown}
Books
 b - a book of Necromancy

   Spells                             Type                      Level
   a - Pain                           Necromancy                   1
   b - Animate Skeleton               Necromancy                   1
   c - Vampiric Draining              Necromancy                   3
   d - Regeneration                   Charms/Necromancy            3
   e - Animate Dead                   Necromancy                   4
   f - Borgnjor's Vile Clutch         Necromancy/Earth             5
Comestibles
 c - 13 rations


   Skills:
 - Level 6.1 Fighting
 - Level 1.7 Dodging
 - Level 1.7 Stealth
 - Level 4.5 Unarmed Combat
 + Level 5.3 Spellcasting
 * Level 7.6 Necromancy
 - Level 3.0 Earth Magic


You had 5 spell levels left.
You knew the following spells:

 Your Spells              Type           Power        Failure   Level  Hunger
a - Pain                  Necr           ####         1%          1    None
b - Animate Skeleton      Necr           N/A          1%          1    None
c - Vampiric Draining     Necr           #####.....   1%          3    ##.....
d - Regeneration          Chrm/Necr      ###.......   9%          3    ##.....
e - Borgnjor's Vile Clut  Necr/Erth      ####......   41%         5    #####..


Dungeon Overview and Level Annotations

Branches:
Dungeon (6/15)             Temple (0/1) D:6

Altars:
Ashenzari
Dithmenos
Kikubaaqudgha
Okawaru
Xom

Shops:
D:5 (


Innate Abilities, Weirdness & Mutations

You have sharp toenails.
You are mostly covered in thin metallic scales. (AC +3)
Your flesh is cold resistant. (rC+)
You are slightly more attuned to the shadows.


Message History

Press: ? - help, Shift-Dir - straight line, f/p - two-headed ogre
Aim: a two-headed ogre, wielding a giant club and a giant spiked club (severely wounded)
The two-headed ogre is severely wounded.
You feel life coursing into your body.
The two-headed ogre hits you with a giant club!!
* * * LOW HITPOINT WARNING * * *
The two-headed ogre hits you with a giant spiked club!
* * * LOW HITPOINT WARNING * * *
Casting: Vampiric Draining
Confirm with . or Enter, or press ? or * to list all spells.
Aiming: Vampiric Draining
Press: ? - help, Shift-Dir - straight line, f/p - two-headed ogre
Aim: a two-headed ogre, wielding a giant club and a giant spiked club (severely wounded)
The two-headed ogre is almost dead.
You feel life coursing into your body.
You see here 12 gold pieces.
The two-headed ogre hits you with a giant club!
* * * LOW HITPOINT WARNING * * *
The two-headed ogre hits you with a giant spiked club.
You die...

..o.###.......###.##......##.....
....# #....... #.##......##.....
##### #.......# #.#####...##.....
# #........##'##....)........
#............#.............
#............#............. ##
....##.......#............. .#
#.......####.......... .#
#....@..##............ .#
#....O..##............ .#
##....$..##............ .+
.......>.####.......... .#
##.......# #.......... .#
#.......####.......... .#
#...⌠...##.....)...... ##
.........##............
...⌠.>.⌠###....########


You could see a two-headed ogre.

Vanquished Creatures
  The ghost of raetorn the Carver, an amateur MiMo (D:4)
  Grinder (D:6)
  Eustachio (D:5)
  Duvessa (D:6)
  An ice beast (D:6)
  2 phantoms
  4 big kobolds (Sewer)
  Dowan (D:6)
  A howler monkey (D:6)
  A vampire bat (D:3)
  A hound (D:4)
  2 quasits (D:6)
  An orc wizard (D:4)
  An orc priest (D:6)
  Natasha (thrice) (D:3 D:5)
  2 worker ants (D:5)
  8 big kobold zombies (Ossuary)
  A hound skeleton (D:4)
  A mummy (Ossuary)
  7 gnolls
  A river rat (D:5)
  7 adders
  9 oozes
  An adder skeleton (D:6)
  9 worms
  A dart slug (D:4)
  4 leopard geckos
  13 orcs
  4 bat skeletons (D:3)
  A bat zombie (D:3)
  8 giant cockroaches
  4 gnoll zombies (Ossuary)
  8 hobgoblins
  7 jackals
  2 quokkas
  3 ball pythons
  3 bats (D:1)
  2 bat simulacra (Ossuary)
  2 frilled lizards
  9 goblins
  2 goblin simulacra (Ossuary)
  2 goblin zombies (Ossuary)
  2 hobgoblin zombies (Ossuary)
  7 kobolds
  4 kobold simulacra (Ossuary)
  7 kobold zombies (Ossuary)
  A leopard gecko skeleton (D:4)
  A leopard gecko zombie (D:6)
  7 orc zombies (Ossuary)
  13 rats
  5 rat simulacra (Ossuary)
  5 spectral goblins (Ossuary)
  A spectral kobold (Ossuary)
  A spectral rat (Ossuary)
197 creatures vanquished.

Vanquished Creatures (collateral kills)
  A bullfrog zombie (D:6)
  A worker ant (D:3)
  A gnoll (D:2)
  An adder (D:3)
  An adder zombie (D:6)
  A worm (D:4)
  An orc (D:3)
  A giant cockroach (D:1)
  A goblin (D:3)
  A jackal (D:5)
  A bat (D:3)
  A rat (D:3)
12 creatures vanquished.

Vanquished Creatures (others)
  An orc warrior (D:6)
1 creature vanquished.

Grand Total: 210 creatures vanquished

Notes
Turn   | Place    | Note
-------+----------+-------------------------------------------
     0 | D:1      | Knicklaso the Demonspawn Necromancer began the quest for the Orb.
     0 | D:1      | Reached XP level 1. HP: 13/13 MP: 3/3
     2 | D:1      | Learned a level 1 spell: Animate Skeleton
   313 | D:1      | Gained mutation: You are slightly more attuned to the shadows. [demonic ancestry]
   313 | D:1      | Reached XP level 2. HP: 4/20 MP: 0/5
   321 | D:1      | Reached skill level 1 in Fighting
  1087 | D:1      | Gained mutation: Your flesh is cold resistant. (rC+) [demonic ancestry]
  1087 | D:1      | Reached XP level 3. HP: 25/26 MP: 2/6
  1972 | D:2      | Reached skill level 5 in Necromancy
  2977 | D:2      | Gained mutation: You have sharp toenails. [demonic ancestry]
  2977 | D:2      | Reached XP level 4. HP: 30/33 MP: 2/7
  3292 | D:3      | Learned a level 3 spell: Vampiric Draining
  3401 | D:3      | Found an iron altar of Okawaru.
  3549 | D:3      | Found a shadowy altar of Dithmenos.
  3577 | D:3      | Noticed Natasha
  3580 | D:3      | Killed Natasha
  3665 | D:3      | Reached XP level 5. HP: 39/40 MP: 6/9
  3725 | D:3      | Found a shattered altar of Ashenzari.
  3909 | D:3      | Found an ancient bone altar of Kikubaaqudgha.
  4470 | D:4      | Got a wavering copper ring
  4645 | D:4      | Noticed raetorn's ghost (amateur MiMo)
  4959 | D:4      | Reached skill level 1 in Unarmed Combat
  4959 | D:4      | Gained mutation: You are partially covered in thin metallic scales. (AC +2) [demonic ancestry]
  4959 | D:4      | Reached XP level 6. HP: 24/47 MP: 3/10
  6009 | D:4      | Killed raetorn's ghost
  6009 | D:4      | Gained mutation: You are mostly covered in thin metallic scales. (AC +3) [demonic ancestry]
  6009 | D:4      | Reached XP level 7. HP: 38/55 MP: 10/12
  6334 | D:5      | Entered Level 5 of the Dungeon
  6344 | D:5      | Noticed Natasha
  6346 | D:5      | Found Basch's Antique Weapon Shop.
  6354 | D:5      | Killed Natasha
  6434 | D:5      | Got a bloodstained dagger
  6503 | D:5      | Found a glowing drain.
  6511 | Sewer    | Entered a sewer
  6823 | Sewer    | Reached skill level 5 in Fighting
  7351 | D:5      | Reached XP level 8. HP: 20/63 MP: 1/14
  7404 | D:5      | Noticed Natasha
  7839 | D:5      | Noticed Eustachio
  7847 | D:5      | Killed Eustachio
  7934 | D:5      | Killed Natasha
  8031 | D:6      | Found a sand-covered staircase.
  8038 | Ossuary  | Entered an ossuary
  8043 | Ossuary  | Learned a level 3 spell: Regeneration
  8049 | Ossuary  | Learned a level 5 spell: Borgnjor's Vile Clutch
  8142 | Ossuary  | Identified the +8 dagger of Imoikh {pierce, +Blink Dex+3} (You found it on level 5 of the Dungeon)
  8144 | Ossuary  | Identified the ring "Xep Zyiw" {Fire +Blink MR+ Int+2 Stlth-} (You found it on level 4 of the Dungeon)
  8203 | Ossuary  | Reached skill level 6 in Necromancy
  8240 | Ossuary  | Reached skill level 1 in Earth Magic
  8519 | D:6      | Noticed Grinder
  8539 | D:6      | Killed Grinder
  8539 | D:6      | Reached skill level 5 in Spellcasting
  8539 | D:6      | Reached skill level 7 in Necromancy
  8833 | D:6      | Noticed Dowan
  8845 | D:6      | Killed Dowan
  8922 | D:6      | Noticed Duvessa
  8929 | D:6      | Killed Duvessa
  8929 | D:6      | Reached XP level 9. HP: 44/69 MP: 4/16
  8949 | D:6      | Found a shimmering altar of Xom.
  9152 | D:6      | Found a staircase to the Ecumenical Temple.
  9152 | D:6      | Noticed a two-headed ogre
  9166 | D:6      | Slain by a two-headed ogre

Skill      XL: |  1  2  3  4  5  6  7  8 |
---------------+-------------------------+-----
Fighting       | 1 2 3 4 5 6 |  6.1
Necromancy     | 5 7 |  7.6
Spellcasting   | 3 4 5 |  5.3
Unarmed Combat | 1 2 4 |  4.5
Earth Magic    | 3 |  3.0
Dodging        | |  1.7
Stealth        | |  1.7

Action                   |  1- 3 |  4- 6 |  7- 9 || total
-------------------------+-------+-------+-------++-------
Melee: Unarmed           |    15 |   154 |   130 ||   299
       Kick              |       |    38 |    71 ||   109
       Punch             |       |       |     6 ||     6
       Dagger            |       |       |   166 ||   166
 Cast: Pain              |   101 |    68 |   150 ||   319
       Animate Skeleton  |    15 |    12 |    10 ||    37
       Vampiric Draining |       |     3 |     9 ||    12
 Abil: Evoke Blink       |       |       |     1 ||     1
Evoke: Wand              |       |    14 |       ||    14
  Use: Scroll            |       |     7 |     3 ||    10
       Potion            |       |     1 |       ||     1
 Stab: Distracted        |     1 |     1 |     2 ||     4
       Sleeping          |     1 |     3 |     4 ||     8
  Eat: Chunk             |     7 |    11 |     9 ||    27
       Ration            |       |       |     1 ||     1
Armor: Robe              |    13 |    45 |       ||    58
       Leather armour    |       |    32 |    99 ||   131
Dodge: Dodged            |    26 |   112 |   149 ||   287
